 Dungeon Crawl Stone Soup version 0.27-a0-46-g34d46f0a3f (webtiles) character file.

Game seed: 3730209337706489389

771 Borgoz the Ruffian (level 7, -4/61 HPs)
             Began as a Ghoul Gladiator on Jan 6, 2021.
             Was an Initiate of Ashenzari.
             Slain by a wight
             ... wielding a cursed +2 morningstar
              (5 damage)
             ... on level 5 of the Dungeon.
             The game lasted 00:06:14 (4228 turns).

Borgoz the Ruffian (Ghoul Gladiator)                Turns: 4228, Time: 00:06:15

Health: -4/61      AC:  8    Str: 18    XL:     7   Next: 83%
Magic:  6/6        EV: 11    Int:  3    God:    Ashenzari [......]
Gold:   360        SH:  0    Dex: 12    Spells: 6/6 levels left

rFire    . . .     SeeInvis .     - Unarmed
rCold    + + .     Faith    .   (no shield)
rNeg     + + +     Spirit   .   q - +0 scale mail
rPois    ∞         Reflect  .   b - +0 helmet
rElec    .         Harm     .   (no cloak)
rCorr    .         Rampage  .   (no gloves)
Will     .....                  (no boots)
Stlth    ..........             g - amulet of the acrobat
HPRegen  0.00/turn              e - ring of protection from cold
MPRegen  0.10/turn              (no ring)

@: no status effects
A: claws 1, cold resistance 1, negative energy resistance 3, inhibited
regeneration, torment resistance, unbreathing
a: Renounce Religion, Curse Item


You were on level 5 of the Dungeon.
You worshipped Ashenzari.
Ashenzari was noncommittal.
You visited 2 branches of the dungeon, and saw 7 of its levels.

You collected 360 gold pieces.

Inventory:

Missiles
 c - 2 throwing nets (quivered)
Armour
 b - a +0 helmet (worn)
 q - a +0 scale mail (worn)
Jewellery
 e - a ring of protection from cold (left claw)
 g - an amulet of the acrobat (around neck)
Scrolls
 a - a scroll of blinking
 f - 3 scrolls of enchant weapon
 h - 2 scrolls of remove curse
 i - 2 scrolls of teleportation
 m - a scroll of fear
 p - a scroll of amnesia
 t - 3 scrolls of magic mapping
Potions
 d - a potion of curing {unknown}
 j - 2 potions of lignification {unknown}
 k - a potion of degeneration {unknown}
 l - a potion of resistance {unknown}
 n - 2 potions of flight
 o - 3 potions of brilliance
 r - a potion of haste {unknown}
 s - a potion of invisibility {unknown}


   Skills:
 + Level 5.0 Fighting
 - Level 1.7 Throwing
 + Level 3.6 Armour
 + Level 4.6 Dodging
 + Level 5.6 Unarmed Combat


You had 6 spell levels left.
You didn't know any spells.
Your spell library contained the following spells:

 Spells                   Type           Power        Failure   Level
 Animate Skeleton         Necr           0%           88%         1
 Apportation              Tloc           0%           88%         1
 Corona                   Hex            0%           88%         1
 Foxfire                  Conj/Fire      0%           88%         1
 Summon Small Mammal      Summ           0%           88%         1
 Conjure Flame            Conj/Fire      0%           99%         3
 Inner Flame              Hex/Fire       0%           99%         3
 Sticky Flame             Conj/Fire      0%           100%        4
 Fireball                 Conj/Fire      0%           100%        5


Dungeon Overview and Level Annotations

Branches:
Dungeon (6/15)             Temple (1/1) D:4

Altars:
Ashenzari
Cheibriados
Dithmenos
Elyvilon
Gozag
Hepliaklqana
Makhleb
Nemelex Xobeh
Okawaru
Qazlal
Ru
Sif Muna
Trog
Uskayaw
Vehumet
Wu Jian
Yredelemnul
Zin
The Shining One

Shops:
D:5 }


Innate Abilities, Weirdness & Mutations

You thrive by killing the living.
You are immune to poison.
You have sharp fingernails.
Your flesh is cold resistant. (rC+)
You are immune to negative energy. (rN+++)
You do not regenerate when monsters are visible.
You are immune to unholy pain and torment.
You can survive without breathing.


Message History

You barely miss the wight. Your claw misses the wight.
The wight is heavily damaged.
The wight hits you with a cursed +2 morningstar!
* * * LOW HITPOINT WARNING * * *
You scratch the wight but do no damage.
The wight is heavily damaged.
The wight closely misses you.
Okay, then.
Throw: 4 throwing nets
Press: ? - help, Q - select action Shift-Dir - straight line, f - wight
Aim: a wight, wielding a +2 morningstar and wearing a +0 robe (heavily damaged)
You throw a throwing net.
The throwing net closely misses the wight.
Throw: 3 throwing nets
Press: ? - help, Q - select action Shift-Dir - straight line, f/p - wight
Aim: a wight, wielding a +2 morningstar and wearing a +0 robe (heavily damaged)
You throw a throwing net.
The throwing net barely misses the wight.
The wight hits you with a cursed +2 morningstar.
You die...

###..# ##..# ###................
#....###...####..................
................####.............
.................###.............
......................<..........
........>........#...............
.................................
................##.#.........)...
<...>...........@z.....(...#.....
................>#...#.##########
#..................###..####
........#.......#### ##....#
#######........## ####.#
##<..#.....# #######.#
####..#....#### #.......#
##..........#### ###.#######
.....#.........###...#


You could see a wight.

Vanquished Creatures
  A phantom (D:5)
  A necrophage (D:5)
  A centaur (D:5)
  Blork the orc (D:5)
  A scorpion (D:4)
  3 wights (D:6)
  A hound (D:4)
  An orc wizard (D:4)
  An iguana (D:5)
  A worker ant (D:4)
  3 gnolls (D:3)
  6 adders
  An ufetubus (D:4)
  2 oozes
  2 worms (D:2)
  A dart slug (D:1)
  7 leopard geckos
  5 orcs (D:4)
  7 bats
  7 giant cockroaches
  4 goblins (D:2)
  3 hobgoblins
  7 jackals
  A ball python (D:3)
  3 frilled lizards
  2 kobolds
  7 rats
80 creatures vanquished.

Vanquished Creatures (others)
  4 toadstools (D:1)
4 creatures vanquished.

Grand Total: 84 creatures vanquished

Notes
Turn   | Place    | Note
-------+----------+-------------------------------------------
     0 | D:1      | Borgoz the Ghoul Gladiator began the quest for the Orb.
     0 | D:1      | Reached XP level 1. HP: 17/17 MP: 0/0
   222 | D:1      | Reached XP level 2. HP: 25/25 MP: 1/1
   767 | D:2      | Reached XP level 3. HP: 30/30 MP: 2/2
   792 | D:2      | Reached skill level 1 in Armour
   993 | D:2      | Reached XP level 4. HP: 38/38 MP: 3/3
  1622 | D:3      | Reached XP level 5. HP: 28/45 MP: 4/4
  2662 | D:4      | Found a staircase to the Ecumenical Temple.
  2674 | Temple   | Entered the Ecumenical Temple
  2897 | Temple   | Became a worshipper of Ashenzari the Shackled
  2957 | D:4      | Found a hazy altar of Hepliaklqana.
  2957 | D:4      | Found an iron altar of Okawaru.
  3030 | D:4      | Reached XP level 6. HP: 34/52 MP: 5/5
  3160 | D:4      | Found a snail-covered altar of Cheibriados.
  3264 | D:4      | Found a bloodstained altar of Trog.
  3473 | D:5      | Entered Level 5 of the Dungeon
  3485 | D:5      | Found Odewonug's Gadget Shop.
  3509 | D:5      | Noticed Blork the orc
  3519 | D:5      | Killed Blork the orc
  3626 | D:5      | Noticed a phantom
  3669 | D:5      | Killed a phantom
  3670 | D:5      | Reached skill level 5 in Unarmed Combat
  3670 | D:5      | Reached XP level 7. HP: 55/60 MP: 6/6
  4130 | D:5      | Found a sparkling altar of Nemelex Xobeh.
  4215 | D:6      | Reached skill level 5 in Fighting
  4225 | D:5      | HP: 1/61 [wight/cursed +2 morningstar (14)]
  4228 | D:5      | Slain by a wight

Illustrated notes

Levels and vault maps discovered:
D:1:      ldierk_water_garden, layout_loops_cross, minmay_pentomino_s4
D:2:      layout_loops_corners
D:3:      layout_basic
D:4:      layout_basic, kennysheep_little_box,
          chequers_temple_overflow_statue_of_worship, minmay_temple_entry_fiery,
          gup_sewer_entry_bowl, chequers_serial_rivers_micro_a
D:5:      layout_rooms, serial_shops, shop_statue, nemelex_lonely_heart_becter,
          uniq_blork_the_orc
D:6:      layout_basic, kennysheep_mini_moat, lemuel_crystal_altar,
          cheibrodos_ashenzari_chains, uniq_pikel, uniq_prince_ribbit1
Temple:   eino_temple_water

Skill      XL: |  1  2  3  4  5  6  7 |
---------------+----------------------+-----
Dodging        | 3 4 |  4.6
Armour         | 1 2 3 |  3.6
Fighting       | 3 4 5 |  5.0
Unarmed Combat | 4 5 |  5.6
Throwing       | |  1.7

Action                   |  1- 3 |  4- 6 |  7- 9 || total
-------------------------+-------+-------+-------++-------
Melee: Unarmed           |    83 |   224 |    37 ||   344
       Punch             |     1 |     2 |     2 ||     5
Throw: Throwing net      |       |       |     2 ||     2
  Use: Scroll            |     2 |    11 |       ||    13
Armor: Leather armour    |    17 |       |       ||    17
       Ring mail         |    18 |    21 |       ||    39
       Scale mail        |       |    45 |     5 ||    50
Dodge: Dodged            |    92 |   145 |    30 ||   267

Table legend: (Time is in decaauts)
 A = Elapsed time spent in this place.
 B = Non-inter-level travel time spent in this place.
 C = Inter-level travel time spent in this place.
 D = Time resting spent in this place.
 E = Time spent auto-exploring this place.
 F = Levels seen in this place.
 G = Mean time per level.
                   A        B        C        D        E       F      G
               +--------+--------+--------+--------+--------+-----+--------+
         Total |   4212 |   4026 |    186 |    226 |   3144 |   7 |  601.7 |
       Dungeon |   3970 |   3803 |    167 |    226 |   2935 |   6 |  661.7 |
        Temple |    242 |    223 |     19 |      0 |    209 |   1 |  242.0 |
               +--------+--------+--------+--------+--------+-----+--------+

Top non-repeatable levels by time:
     D:4: 1157 daAuts
     D:2: 869 daAuts
     D:5: 728 daAuts
     D:1: 709 daAuts
     D:3: 486 daAuts
  Temple: 242 daAuts
     D:6: 18 daAuts
